 Dungeon Crawl Stone Soup version 0.28.0 (webtiles) character file.

Game seed: 14504396059884763433

585 Hasart the Slasher (level 6, -12/70 (78) HPs)
             Began as a Demigod Fighter on Feb 13, 2022.
             Mangled by a wight (13 damage)
             ... in a sewer.
             The game lasted 00:07:27 (4646 turns).

Hasart the Slasher (Demigod Fighter)                Turns: 4646, Time: 00:07:28

HP:   -12/70 (78)   AC: 10    Str: 17    XL:     6   Next: 91%
MP:   8/8           EV:  7    Int: 10    God:
Gold: 196           SH:  6    Dex: 21    Spells: 5/5 levels left

rFire   . . .      SeeInvis .   a - +0 long sword
rCold   . . .      Faith    .   c - +0 buckler
rNeg    . . .      Spirit   .   f - +0 chain mail {rPois}
rPois   +          Reflect  .   (no helmet)
rElec   .          Harm     .   t - +0 cloak
rCorr   .          Rampage  .   (no gloves)
Will    .....                   (no boots)
Stlth   ..........              (no amulet)
HPRegen 0.21/turn               (no ring)
MPRegen 0.11/turn               (no ring)

@: berserking, drained, very quick
A: high MP 1, forlorn, divine attributes
a: no special abilities


You were in a sewer.
You visited 1 branch of the dungeon, and saw 5 of its levels.
You also visited: Sewer.

You collected 196 gold pieces.

Inventory:

Hand Weapons
 a - a +0 long sword (weapon)
Missiles
 j - 3 poisoned darts (quivered)
 u - 3 boomerangs
 v - 2 silver javelins
Armour
 c - a +0 buckler (worn)
 f - a +0 chain mail of poison resistance (worn)
 t - a +0 cloak (worn)
 y - a +2 tower shield of cold resistance
Jewellery
 p - an amulet of magic regeneration
Wands
 m - a wand of digging (5)
 w - a wand of polymorph (6)
Scrolls
 g - a scroll of blinking {unknown}
 h - a scroll of magic mapping {unknown}
 l - 4 scrolls of identify {unknown}
 r - a scroll of teleportation {unknown}
 x - a scroll of holy word {unknown}
Potions
 b - 2 potions of curing {unknown}
 d - a potion of might
 e - a potion of resistance {unknown}
 i - 2 potions of haste {unknown}
 k - a potion of mutation {unknown}
 o - 3 potions of brilliance {unknown}
 q - 3 potions of attraction {unknown}
 s - a potion of flight {unknown}


   Skills:
 + Level 3.6 Fighting
 * Level 4.1 Long Blades
 + Level 1.7 Throwing
 + Level 3.6 Armour
 + Level 2.2 Dodging
 + Level 3.6 Shields
 + Level 1.6 Evocations


You had 5 spell levels left.
You didn't know any spells.
Your spell library contained the following spells:

 Spells                   Type           Power      Damage    Failure   Level
 Summon Small Mammal      Summ           0%         N/A       100%        1
 Call Canine Familiar     Summ           0%         N/A       100%        3
 Summon Guardian Golem    Hex/Summ       0%         N/A       100%        3


Dungeon Overview and Level Annotations

Branches:
Dungeon (5/15)              Sewer (1/1)
 Temple: D:4-7


Innate Abilities, Weirdness & Mutations

You have an increased reservoir of magic. (+10% MP)
You shall have no god before yourself.
Your divine heritage dramatically boosts your attributes as you level up.


Message History

You barely miss the kobold.
The kobold is severely wounded.
You block the kobold's attack. The kobold hits you with a +0 whip.
You hit the kobold but do no damage.
The kobold is severely wounded.
The kobold hits you but does no damage. Why would you want to do that?
You hit the kobold.
You kill the kobold!
There is an open door here.
You see here a +0 short sword.
You hit the wight but do no damage. The wight hits you with a +4 halberd!
You barely miss the wight. The wight hits you with a +4 halberd.
You hit the wight.
The wight is lightly damaged.
The wight hits you with a +4 halberd.
You feel drained.
A red film seems to cover your vision as you go berserk!
You feel yourself moving faster!
You feel mighty! You block the wight's attack.
Unknown command.
You barely miss the wight.
The wight is lightly damaged.
The wight hits you with a +4 halberd!
* * * LOW HITPOINT WARNING * * *
You feel drained.
* * * LOW HITPOINT WARNING * * *
You closely miss the wight.
The wight is lightly damaged.
The wight hits you with a +4 halberd.
* * * LOW HITPOINT WARNING * * *
You closely miss the wight.
The wight is lightly damaged.
The wight hits you with a +4 halberd.
* * * LOW HITPOINT WARNING * * *
You hit the wight.
The wight is heavily damaged.
The wight closely misses you.
You barely miss the wight.
The wight is heavily damaged.
The wight hits you with a +4 halberd!
You die...

##)## ##$.!## #≈...≈#
#≈...≈#####################
#≈...≈##≈..z.≈≈≈≈≈≈≈≈≈≈≈≈≈≈
#≈...≈##≈≈@#..≈≈≈≈≈≈≈≈≈≈≈≈≈
#≈...≈##≈..#z.≈≈≈≈≈≈≈≈≈≈≈≈≈
#≈...≈##≈).#..≈≈≈≈≈≈≈≈≈≈≈≈≈
##'''###≈≈.#..≈≈≈≈≈≈≈≈≈≈≈≈≈
##.....##≈..#....≈≈≈≈≈≈≈≈≈≈≈
#...⌠..###.####.###≈##≈##≈##
+.⌠.....#...#≈≈.............
+..._.⌠.'...≈≈≈≈)...........
+.⌠.....#...#≈≈.............


You could see a wight.

Vanquished Creatures
  A water moccasin (D:3)
  A wight (Sewer)
  A howler monkey (D:4)
  A jelly (D:4)
  A hound (D:3)
  2 orc priests
  Ijyb (D:4)
  Terence (D:2)
  A scorpion zombie (D:5)
  4 adders
  2 shadow imps (Sewer)
  3 ufetubi (Sewer)
  An adder skeleton (D:4)
  2 worms
  2 dart slugs
  6 orcs
  8 ball pythons
  4 endoplasms
  5 giant cockroaches
  7 goblins
  12 hobgoblins
  2 jackals (D:3)
  6 quokkas
  10 bats
  5 frilled lizards
  19 kobolds
  A kobold zombie (Sewer)
  12 rats
121 creatures vanquished.

Notes
Turn   | Place    | Note
-------+----------+-------------------------------------------
     0 | D:1      | Hasart the Demigod Fighter began the quest for the Orb.
     0 | D:1      | Reached XP level 1. HP: 18/18 MP: 3/3
    23 | D:1      | Reached skill level 2 in Long Blades
   190 | D:1      | Reached XP level 2. HP: 17/25 MP: 4/4
   947 | D:1      | Reached skill level 1 in Dodging
   947 | D:1      | Reached XP level 3. HP: 27/30 MP: 5/5
  1466 | D:2      | Noticed Terence
  1497 | D:2      | Killed Terence
  1498 | D:2      | Reached XP level 4. HP: 15/38 MP: 6/6
  2188 | D:3      | Reached skill level 3 in Long Blades
  2320 | D:3      | Noticed a water moccasin
  2344 | D:3      | Killed a water moccasin
  2345 | D:3      | Reached skill level 1 in Throwing
  2345 | D:3      | Reached skill level 1 in Evocations
  2345 | D:3      | Reached XP level 5. HP: 18/45 MP: 7/7
  3477 | D:4      | Noticed Ijyb
  3537 | D:4      | Killed Ijyb
  3538 | D:4      | Reached XP level 6. HP: 51/51 MP: 8/8
  3881 | D:5      | Entered Level 5 of the Dungeon
  4095 | D:5      | Reached skill level 4 in Long Blades
  4136 | D:5      | Found a glowing drain.
  4140 | Sewer    | Entered a sewer
  4643 | Sewer    | HP: 3/70 [wight (6)]
  4644 | Sewer    | HP: 1/70 [wight (2)]
  4646 | Sewer    | Mangled by a wight

Illustrated notes

Levels and vault maps discovered:
D:1:      mrwooster_arrival_arrow, layout_loops_ring, serial_bayou_pond_b
D:2:      layout_basic, uniq_terence
D:3:      kb_forest_paths, layout_basic, mainiacjoe_overflow_catwalk,
          hellmonk_ecumenical_altar_leap_of_faith, grunt_ministairs_4
D:4:      layout_rooms, trog_book, nicolae_elevator_lobby_asterisk, uniq_ijyb
D:5:      layout_layer_cave, minmay_temple_entry_overgrown, serial_shops, shop,
          gup_sewer_entry_bowl, chequers_serial_rivers_room_b,
          ebering_dispersal_statue_hall, uniq_grinder
Sewer:    kennysheep_sewer_church

Skill      XL: |  1  2  3  4  5  6 |
---------------+-------------------+-----
Long Blades    | 2 3 4 |  4.1
Dodging        | 1 2 |  2.2
Shields        | 3 |  3.6
Fighting       | 3 |  3.6
Armour         | 3 |  3.6
Throwing       | 1 |  1.7
Evocations     | 1 |  1.6

Action                   |  1- 3 |  4- 6 || total
-------------------------+-------+-------++-------
Melee: Long sword        |   146 |   298 ||   444
       Unarmed           |       |     3 ||     3
Throw: Dart              |     3 |       ||     3
  Use: Potion            |       |     1 ||     1
Armor: Scale mail        |    15 |       ||    15
       Chain mail        |    95 |   227 ||   322
       Skin              |       |     1 ||     1
Dodge: Dodged            |    56 |   128 ||   184
Block: Buckler           |    46 |   118 ||   164
